 Dungeon Crawl Stone Soup version 0.32-a0-22-g6ae6769602 (webtiles) character file.

Game seed: 6843548084419215915

4613 Dittersdorf the Blocker (level 10, -5/65 HPs)
             Began as a Gargoyle Fighter on Jan 18, 2024.
             Was an Initiate of Gozag.
             Slain by a two-headed ogre
             ... wielding a +0 giant club
              (20 damage)
             ... on level 8 of the Dungeon.
             The game lasted 00:11:33 (7062 turns).

Dittersdorf the Blocker (Gargoyle Fighter)          Turns: 7062, Time: 00:11:33

Health: -5/65      AC: 27    Str: 24    XL:     10   Next: 42%
Magic:  10/10      EV:  6    Int:  9    God:    Gozag
Gold:   1037       SH: 14    Dex: 21    Spells: 9/9 levels left

rFire   . . .        v - +3 hammer of Somewhere Else {venom, rN+}
rCold   . . .        F - +1 kite shield
rNeg    + + .        j - +0 plate armour
rPois   ∞            b - +2 helmet
rElec   +            u - +0 cloak
rCorr   .            c - +0 pair of gloves
SInv    .            (no boots)
Will    .....        H - amulet of regeneration Stlth
                     e - +6 ring of dexterity
HPRegen 1.10/turn    z - +6 ring of dexterity
MPRegen 0.12/turn

%: no passive effects
@: studying Shields
A: sickness immunity, AC +7, negative energy resistance 1, electricity
resistance, torment resistance 1, petrification resistance
a: Renounce Religion, Potion Petition, Call Merchant, Bribe Branch


You were on level 8 of the Dungeon.
You worshipped Gozag.
Gozag was most pleased with you.
You visited 2 branches of the dungeon, and saw 10 of its levels.
You also visited: Sewer.

You collected 1238 gold pieces.
You spent 110 gold pieces at shops.
You paid 91 gold pieces to Gozag.

Inventory:

Hand Weapons
 a - a +1 flail
 v - the +3 hammer of Somewhere Else (weapon) {venom, rN+}
   (You found it on level 2 of the Dungeon)

   rN+:       It protects you from negative energy.
Missiles
 A - 11 throwing nets
Armour
 b - a +2 helmet (worn)
 c - a +0 pair of gloves (worn)
 j - a +0 plate armour (worn)
 u - a +0 cloak (worn)
 F - a +1 kite shield (worn)
Jewellery
 e - a +6 ring of dexterity (left hand)
 k - a ring of wizardry
 s - a ring of protection from cold
 z - a +6 ring of dexterity (right hand)
 H - an amulet of regeneration (around neck)
Wands
 p - a wand of paralysis (12)
 t - a wand of flame (6) (quivered)
Scrolls
 m - a scroll of fear
 n - a scroll of teleportation
 o - 2 scrolls of revelation
 w - a scroll of enchant armour
Potions
 d - 3 potions of might
 f - 4 potions of resistance
 g - 4 potions of curing
 h - 5 potions of heal wounds
 i - a potion of mutation
 l - 2 potions of enlightenment
 q - a potion of invisibility
 x - 4 potions of ambrosia


   Skills:
 + Level 8.8 Fighting
 + Level 7.8 Maces & Flails
 + Level 8.9 Armour
 + Level 10.5 Shields


You had 9 spell levels left.
You didn't know any spells.
Your spell library contained the following spells:

 Spells                   Type           Power      Damage    Failure   Level
 Magic Dart               Conj           0%         1d3       100%        1
 Blink                    Tloc           0%         N/A       100%        2
 Call Imp                 Summ           0%         N/A       100%        2
 Lesser Beckoning         Tloc           0%         N/A       100%        2
 Gell's Gravitas          Tloc           0%         N/A       100%        3
 Teleport Other           Tloc           0%         N/A       100%        3
 Manifold Assault         Tloc           0%         N/A       100%        4
 Dispersal                Tloc           0%         N/A       100%        6
 Disjunction              Tloc           0%         N/A       100%        8


Dungeon Overview and Level Annotations

Branches:
Dungeon (9/15)             Temple (1/1) D:4           Sewer (visited)
   Lair: D:8-11         Orc: D:9-12

Altars:
Cheibriados
Dithmenos
Fedhas
Gozag
Hepliaklqana
Kikubaaqudgha
Makhleb
Nemelex Xobeh
Okawaru
Qazlal
Sif Muna
Trog
Uskayaw
Vehumet
Xom
Zin
The Shining One

Shops:
D:5 :[!*(!


Innate Abilities, Weirdness & Mutations

You are immune to sickness and miasma.
Your stone body is resilient. (AC +7)
You are immune to poison.
You resist negative energy. (rN+)
You are resistant to electric shocks. (rElec)
You are resistant to unholy torment.
You are immune to petrification.


Message History

The two-headed ogre hits you but does no damage.
You are too injured to fight recklessly!
You are too injured to fight recklessly!
You are too injured to fight recklessly!
You are too injured to fight recklessly!
You are too injured to fight recklessly!
You are too injured to fight recklessly!
You are too injured to fight recklessly!
You are too injured to fight recklessly!
You are too injured to fight recklessly!
You are too injured to fight recklessly!
You are too injured to fight recklessly!
You are too injured to fight recklessly!
You are too injured to fight recklessly!
You are too injured to fight recklessly!
You are too injured to fight recklessly!
You are too injured to fight recklessly!
You are too injured to fight recklessly!
You are too injured to fight recklessly!
You sock the two-headed ogre!
The two-headed ogre looks as sick as possible!
The two-headed ogre is heavily wounded.
You block the ufetubus's attack.
The ufetubus hits you but does no damage.
You block the ufetubus's attack. x2
You hit the two-headed ogre but do no damage.
The two-headed ogre looks as sick as possible!
The two-headed ogre is heavily wounded.
The two-headed ogre hits you with a +0 giant club!
* * * LOW HITPOINT WARNING * * *
The two-headed ogre hits you with a +0 dire flail.
* * * LOW HITPOINT WARNING * * *
You block the ufetubus's attack. x2
You barely miss the two-headed ogre.
The two-headed ogre is heavily wounded.
The ufetubus closely misses you. You block the ufetubus's attack.
The ufetubus barely misses you. You block the ufetubus's attack.
The two-headed ogre hits you with a +0 giant club!!
You die...
Your body crumbles into a pile of gold.

### #.......# #<#.###.#
#.#.# #.##
############.#.###..#
.............#......#
##################..#
#..#
##################y.###
#..............5@O5...#
#.################..#.#
#.# #..#.######### #.#
#..#.........# #.#
#..#########.## ..#
#.## ##...## ### #%#
##.....#
#.#######.......
#.##.[..........


You could see a two-headed ogre (extremely poisoned), a killer bee and 2
ufetubi.

Vanquished Creatures
  A wraith (D:8)
  2 wyverns
  Menkaure (D:7)
  A water moccasin (D:7)
  A sky beast (D:8)
  Pargi (Sewer)
  2 orc warriors
  An ice beast (D:6)
  2 ogres
  2 wolves (D:5)
  2 centaurs
  2 phantoms
  2 kobold brigands
  5 gnoll sergeants (D:5)
  A brain worm (Sewer)
  A bullfrog (D:7)
  3 scorpions
  3 wights
  14 killer bees
  An electric eel (D:7)
  3 howler monkeys (D:7)
  2 gnoll boudas (D:5)
  7 orc priests
  5 hounds
  An iguana (D:5)
  A sleepcap (D:6)
  Crazy Yiuf (D:2)
  Terence (D:2)
  4 orc wizards
  Robin (D:2)
  24 gnolls
  11 adders
  2 white imps
  10 ufetubi
  2 ribbon worms
  3 dart slugs
  27 orcs
  8 ball pythons
  10 endoplasms
  3 giant cockroaches
  9 goblins
  10 hobgoblins
  11 jackals
  16 kobolds
  8 quokkas
  2 bats (D:2)
  2 frilled lizards
  6 rats
238 creatures vanquished.

Notes
Turn   | Place    | Note
-------+----------+-------------------------------------------
     0 | D:1      | Dittersdorf the Gargoyle Fighter began the quest for the
                  | Orb.
     0 | D:1      | Reached XP level 1. HP: 14/14 MP: 1/1
   179 | D:1      | Reached XP level 2. HP: 19/19 MP: 2/2
   718 | D:1      | Reached XP level 3. HP: 23/23 MP: 3/3
   998 | D:2      | Reached XP level 4. HP: 28/29 MP: 4/4
  1043 | D:2      | Noticed Robin
  1054 | D:2      | Killed Robin
  1073 | D:2      | Reached skill level 4 in Shields
  1265 | D:2      | Noticed Terence
  1273 | D:2      | Killed Terence
  1274 | D:2      | Reached XP level 5. HP: 19/33 MP: 5/5
  1465 | D:2      | Found a runed translucent door.
  1466 | D:2      | Noticed Crazy Yiuf
  1550 | D:2      | Killed Crazy Yiuf
  1620 | D:2      | Identified the +3 hammer of Somewhere Else {venom, rN+}
  2318 | D:3      | Found a shimmering altar of Xom.
  2636 | D:3      | Reached XP level 6. HP: 39/39 MP: 6/6
  2752 | D:4      | Found a staircase to the Ecumenical Temple.
  2759 | Temple   | Entered the Ecumenical Temple
  2971 | D:4      | Reached skill level 5 in Fighting
  2971 | D:4      | Reached skill level 5 in Armour
  2971 | D:4      | Reached skill level 5 in Shields
  2971 | D:4      | Reached XP level 7. HP: 39/44 MP: 7/7
  3190 | D:5      | Entered Level 5 of the Dungeon
  3190 | D:5      | Found Oshitam's Antique Weapon Boutique.
  3210 | D:5      | Found Sutuawn's Assorted Antiques.
  3229 | D:5      | Found Jint's Distillery.
  3501 | D:5      | Noticed a wyvern
  3513 | D:5      | HP: 1/44 [wyvern (12)]
  3515 | D:5      | Killed a wyvern
  3516 | D:5      | Reached XP level 8. HP: 2/51 MP: 8/8
  3732 | D:5      | Bought a potion of heal wounds for 55 gold pieces
  3732 | D:5      | Bought a potion of heal wounds for 55 gold pieces
  3757 | D:5      | Reached skill level 5 in Maces & Flails
  3779 | D:5      | Reached skill level 6 in Shields
  3872 | D:5      | Found an opulent altar of Gozag.
  3880 | D:5      | Became a worshipper of Gozag Ym Sagoz the Greedy
  4076 | D:5      | Found Sithuarch's Antique Armour Shop.
  4094 | D:5      | Found a bloodstained altar of Trog.
  4125 | D:5      | Found Pyukhiu's Book Shop.
  4349 | D:5      | Found Dugoolit's Distillery.
  4487 | D:6      | Identified a scroll of acquirement
  4487 | D:6      | Acquired a manual of Shields
  4518 | D:6      | Reached skill level 7 in Shields
  4518 | D:6      | Reached XP level 9. HP: 48/56 MP: 9/9
  4649 | D:6      | Found a glowing drain.
  4653 | Sewer    | Entered a sewer
  4719 | Sewer    | Noticed Pargi
  4728 | Sewer    | Killed Pargi
  5314 | D:6      | Found a shimmering blue altar of Sif Muna.
  5398 | D:6      | Reached skill level 8 in Shields
  6005 | D:7      | Noticed Menkaure
  6014 | D:7      | Killed Menkaure
  6015 | D:7      | Reached skill level 9 in Shields
  6224 | D:8      | Reached XP level 10. HP: 57/64 MP: 10/10
  6457 | D:8      | Reached skill level 10 in Shields
  6966 | D:9      | Noticed a two-headed ogre
  7062 | D:8      | Slain by a two-headed ogre

Illustrated notes

Levels and vault maps discovered:
D:1:      dpeg_arrival_leaves_temple_mockup, layout_loops_ring
D:2:      layout_basic, minmay_quantized, uniq_terence, uniq_robin,
          uniq_crazy_yiuf_cottage
D:3:      layout_basic, regret_index_xom_buried_treasure
D:4:      layout_basic, minmay_temple_entry_junction_2, minmay_vboxes
D:5:      layout_cave_pools, old_standard_altar, old_standard_altar,
          serial_shops, shop, shop, shop, shop, nicolae_shop_advertising_works
          [nicolae_subvault_shop_adworks], serial_gnoll_camp,
          gnoll_camp_mini_shop, gnoll_camp_mini_hut, gnoll_camp_huts_basic,
          gnoll_camp_mini_hut, gnoll_camp_mini_sergeant, gnoll_camp_medium_02,
          nrook_campfire
D:6:      layout_loops_ring, led_sif_pool, gup_sewer_entry_spiral
D:7:      statuecave_lemuel, layout_basic, uniq_menkaure
D:8:      layout_loops_ring
D:9:      layout_cave_pools, kennysheep_ying_yang, mainiacjoe_overflow_alcove_4,
          nicolae_fort_ynox
Temple:   nicolae_temple_bog_church

Skill      XL: |  1  2  3  4  5  6  7  8  9 10 |
---------------+-------------------------------+-----
Armour         | 4 5 7 8 |  8.9
Fighting       | 4 5 6 8 |  8.8
Shields        | 4 5 7 9 10 | 10.5
Maces & Flails | 3 4 5 7 |  7.8

Action                     |  1- 3 |  4- 6 |  7- 9 | 10-12 || total
---------------------------+-------+-------+-------+-------++-------
  Melee: Whip              |    71 |    65 |       |       ||   136
         Mace              |       |    88 |   376 |   171 ||   635
    Use: Scroll            |       |       |    22 |       ||    22
   Stab: Distracted        |       |       |       |     3 ||     3
 Armour: Scale mail        |    39 |    92 |   247 |       ||   378
         Plate armour      |       |       |    32 |   216 ||   248
         Chain mail        |       |       |     1 |       ||     1
  Dodge: Dodged            |    28 |    61 |   139 |    66 ||   294
  Block: Buckler           |    17 |    43 |    30 |       ||    90
         Kite shield       |       |       |   229 |   248 ||   477

Table legend: (Time is in decaauts)
 A = Elapsed time spent in this place.
 B = Non-inter-level travel time spent in this place.
 C = Inter-level travel time spent in this place.
 D = Time resting spent in this place.
 E = Time spent auto-exploring this place.
 F = Levels seen in this place.
 G = Mean time per level.
                   A        B        C        D        E       F      G
               +--------+--------+--------+--------+--------+-----+--------+
         Total |   7207 |   7000 |    207 |    679 |   4460 |  11 |  655.2 |
       Dungeon |   7013 |   6806 |    207 |    679 |   4341 |   9 |  779.2 |
        Temple |      1 |      1 |      0 |      0 |      0 |   1 |    1.0 |
         Sewer |    191 |    191 |      0 |      0 |    118 |   1 |  191.0 |
               +--------+--------+--------+--------+--------+-----+--------+

Top non-repeatable levels by time:
     D:5: 1209 daAuts
     D:3: 982 daAuts
     D:2: 883 daAuts
     D:7: 822 daAuts
     D:6: 812 daAuts
     D:8: 775 daAuts
     D:1: 766 daAuts
     D:4: 693 daAuts
   Sewer: 191 daAuts
     D:9: 66 daAuts
  Temple: 1 daAuts
